 Dungeon Crawl Stone Soup version 0.22-a0-238-gd711f9382e (webtiles) character file.

291 Fuhrer the Chopper (level 6, -5/55 HPs)
             Began as a Deep Dwarf Fighter on Feb 21, 2018.
             Slain by a worm (6 damage)
             ... on level 3 of the Dungeon.
             The game lasted 00:08:32 (986 turns).

Fuhrer the Chopper (Deep Dwarf Fighter)              Turns: 986, Time: 00:08:32

Health: -5/55      AC:  6    Str: 19    XL:     6   Next: 10%
Magic:  6/6        EV:  9    Int: 11    God:
Gold:   29         SH:  0    Dex: 12    Spells: 5/5 levels left

rFire    . . .     SeeInvis .   a - +0 war axe
rCold    . . .     Gourm    .   (no shield)
rNeg     . . .     Faith    .   b - +0 scale mail
rPois    .         Spirit   .   (no helmet)
rElec    .         Reflect  .   (no cloak)
rCorr    +         Harm     .   (no gloves)
MR       +....                  (no boots)
Stlth    ..........             (no amulet)
HPRegen  0.00/turn              i - ring of protection from magic
MPRegen  0.10/turn              k - ring of resist corrosion

@: non-regenerating
A: damage resistance, heal wounds, sense surroundings 1, no regeneration
a: Heal Wounds


You were on level 3 of the Dungeon.
You were hungry.

You visited 2 branches of the dungeon, and saw 6 of its levels.

You collected 29 gold pieces.

Inventory:

Hand Weapons
 a - a +0 war axe (weapon)
Armour
 b - a +0 scale mail (worn)
 c - a +0 shield
Jewellery
 i - a ring of protection from magic (left hand)
 j - an uncursed ring of magical power
 k - a ring of resist corrosion (right hand)
Scrolls
 d - 2 scrolls of teleportation {unknown}
 e - 3 scrolls of identify {unknown}
 g - a scroll of remove curse {unknown}
Potions
 h - a potion of curing {unknown}
Comestibles
 f - 3 rations
 l - 5 chunks of flesh


   Skills:
 - Level 2.6 Fighting
 + Level 7.1 Axes
 - Level 3.2 Armour
 - Level 3.2 Shields


You had 5 spell levels left.
You didn't know any spells.

Dungeon Overview and Level Annotations

Branches:
Dungeon (5/15)             Temple (1/1) D:5

Altars:
Ashenzari
Cheibriados
Dithmenos
Elyvilon
Fedhas
Hepliaklqana
Kikubaaqudgha
Nemelex Xobeh
Okawaru
Ru
Sif Muna
Trog
Uskayaw
Vehumet
Wu Jian
Yredelemnul
The Shining One

Shops:
D:4 ?


Innate Abilities, Weirdness & Mutations

You are resistant to damage.
You can heal yourself by infusing magical energy.
You passively map a small area around you.
You do not regenerate.


Message History

l - 5 chunks of flesh (gained 2) As you open the door, it creaks loudly!
A worm, 3 goblins and a kobold come into view.
The goblin shouts!
The kobold shouts!
The goblin shouts!
The goblin moves out of view.
Found six items.
A frilled lizard comes into view.
The frilled lizard hisses angrily.
Found 17 stones.
You slash the goblin!
You kill the goblin!
You hit the worm.
The worm is lightly wounded.
You slash the worm!
The worm is heavily wounded.
The worm bites you!
* * * LOW HITPOINT WARNING * * *
A goblin comes into view. It is wielding a dagger.
You fail to use your ability.
The worm bites you!
You die...

* , ,....## ,....# , * *
...###### , * , #.......#
* ,,#.......# ,*
#.......# * , ##.......#
** #.@......# +,
*#w#......# * *
.Kg##..<..# ,
*,#..!g.#.....# , ,
#.().(#.....#
######.....#%.(..#....g#
*
#..........##...##..###..
#...........#####.... ,..
* #................#..#
...


You could see a worm, 3 goblins and a kobold.

Vanquished Creatures
  2 centaurs (D:5)
  A worker ant (D:4)
  A gnoll (D:2)
  4 adders
  An ooze (D:3)
  3 worms
  3 leopard geckos
  4 orcs
  3 giant cockroaches
  5 goblins
  2 hobgoblins (D:2)
  3 jackals
  4 quokkas
  3 ball pythons (D:2)
  A bat (D:2)
  3 frilled lizards (D:2)
  6 kobolds
  3 rats (D:2)
52 creatures vanquished.

Notes
Turn   | Place    | Note
-------+----------+-------------------------------------------
     0 | D:1      | Fuhrer the Deep Dwarf Fighter began the quest for the Orb.
     0 | D:1      | Reached XP level 1. HP: 20/20 MP: 1/1
   142 | D:2      | Found an ornate altar of the Wu Jian Council.
   168 | D:2      | Reached skill level 3 in Axes
   179 | D:2      | Reached XP level 2. HP: 14/27 MP: 2/2
   223 | D:3      | Noticed an orc warrior
   261 | D:4      | Found Goner's Magic Scroll Shop.
   284 | D:5      | Entered Level 5 of the Dungeon
   290 | D:5      | Noticed a centaur
   292 | D:5      | Reached XP level 3. HP: 18/33 MP: 3/3
   296 | D:5      | Killed a centaur
   296 | D:5      | Reached skill level 5 in Axes
   296 | D:5      | Reached XP level 4. HP: 9/40 MP: 4/4
   330 | D:5      | Noticed a centaur
   336 | D:5      | Killed a centaur
   336 | D:5      | Reached skill level 6 in Axes
   336 | D:5      | Reached XP level 5. HP: 30/46 MP: 5/5
   370 | D:5      | Found a staircase to the Ecumenical Temple.
   376 | Temple   | Entered the Ecumenical Temple
   941 | D:2      | Reached skill level 7 in Axes
   941 | D:2      | Reached XP level 6. HP: 9/55 MP: 6/6
   985 | D:3      | HP: 1/55 [worm (7)]
   986 | D:3      | Slain by a worm

Vault maps used:
D:1:      lemuel_arrival_tunnels
D:2:      kb_forest_paths, overflow_temple_1_default, guppyfry_early_lair_pool
D:3:      first_ration, minmay_joined_circles
D:4:      serial_shops, shop_statue, columned_hall_lemuel
D:5:      minmay_temple_entry_hall, lemuel_tele_altar
Temple:   compressed_dpeg_circular_temple

Skill      XL: |  1  2  3  4  5 |
---------------+----------------+-----
Axes           | 3 5 6 7 |  7.1
Fighting       | |  2.6
Armour         | |  3.2
Shields        | |  3.2

Action                   |  1- 3 |  4- 6 || total
-------------------------+-------+-------++-------
Melee: War axe           |    68 |    87 ||   155
 Abil: Heal Wounds       |       |     1 ||     1
  Use: Potion            |     1 |       ||     1
Armor: Scale mail        |    47 |    53 ||   100
Dodge: Dodged            |    36 |    61 ||    97

Table legend:
 A = Spawn XP
 B = Non-spawn XP
 C = Spawn XP percentage of total XP
 D = Spawn monster count
 E = Non-spawn monster count
 F = Spawn count percentage of total count
 G = Total turns spent on level
                    A         B        C        D         E        F      G
               +---------+---------+-------+---------+---------+-------+---------
         Total |       0 |     417 |   0.0 |       0 |      52 |   0.0 |   986
               +---------+---------+-------+---------+---------+-------+---------
           D:1 |       0 |       2 |   0.0 |       0 |       2 |   0.0 |    69
           D:2 |       0 |      61 |   0.0 |       0 |      28 |   0.0 |   358
           D:3 |       0 |      51 |   0.0 |       0 |      10 |   0.0 |   110
           D:4 |       0 |      39 |   0.0 |       0 |       3 |   0.0 |    99
           D:5 |       0 |     264 |   0.0 |       0 |       9 |   0.0 |   220
               +---------+---------+-------+---------+---------+-------+---------
